[Event "US Masters 2022"]
[Site "Charlotte"]
[Date "2022.11.24"]
[Round "1.17"]
[White "Stremavicius, Titas"]
[Black "Amburgy, Ryan"]
[Result "1-0"]
[ECO "A28"]
[WhiteElo "2527"]
[BlackElo "2175"]
[Annotator "TA"]
[PlyCount "95"]
[EventDate "2022.11.23"]
[EventType "swiss"]
[EventCountry "USA"]
[SourceTitle "playchess.com"]
[Source "ChessBase"]
[SourceQuality "1"]
[TimeControl "5400+30"]

1. c4 e5 2. Nc3 Nf6 3. Nf3 Nc6 4. e4 Bb4 5. d3 d6 6. a3 {[%emt 0:00:06] A28: English Opening: Four Knights Variation.} Bc5 7. b4 Bb6 8. Na4 {[%emt 0:00:05] The position is equal.} Bd4 {[%emt 0:00:17] 8...Bd4 is better than 8...Bg4.} 9. Rb1 a6 10. Be2 {[%emt 0:02:25] [#]} Be6 $146 ({Predecessor:} 10... b5 11. Nxd4 Nxd4 12. Nc3 O-O 13. O-O c6 14. Be3 Be6 15. Re1 Nxe2+ 16. Qxe2 Nd7 {0-1 (53) Nepomniachtchi,I (2773)-Ding,L (2801) Kolkata 2019}) 11. Qc2 h6 12. h3 (12. b5 $5 Ne7 13. Nxd4 exd4 14. O-O $11) 12... Qd7 13. Nc3 Ne7 (13... O-O $11) 14. Nxd4 $16 exd4 15. Nd5 Bxd5 16. cxd5 c6 17. Bb2 cxd5 18. Bxd4 dxe4 19. Bxf6 gxf6 20. dxe4 Rg8 21. Bg4 Qc6 22. Qd3 {[%emt 0:00:15] 0-0 is the strong threat.} Ng6 23. O-O $1 {[%emt 0:08:38] Hoping for Qe3. White is more active.} Ne5 24. Qe2 (24. Qd4 $16) 24... Qb5 ({Black should try} 24... Nxg4 $14 25. hxg4 Qb5) 25. Qd1 (25. Bh5 $16) 25... Nxg4 $11 26. hxg4 Ke7 27. Rc1 {[%emt 0:05:50] Black must now prevent Rc7+.} Rac8 {[%emt 0:00:52] Inhibits Rc7+.} 28. Qd4 $36 {[%emt 0:00:32][%mdl 2048] White fights for an advantage.} Rc6 (28... Qd7 $11 {remains equal.}) 29. Rxc6 $1 $16 Qxc6 {[%emt 0:00:45][%mdl 4096] Endgame KQR-KQR} 30. f3 Rg5 31. Qe3 $1 h5 32. Rc1 {[%emt 0:00:09] Inhibits Qc2.} Qd7 {[%emt 0:00:06] Loses the game.} (32... Qb5 $16 {keeps fighting.}) 33. Qa7 $18 hxg4 $2 {[%emt 0:07:16] [#]} (33... Rg8 34. gxh5 Rc8) 34. Qb8 $1 gxf3 {[%emt 0:00:04] [#]} 35. Rc7 $1 b5 36. Rxd7+ Kxd7 {[%emt 0:00:01] KQ-KR} 37. g3 Rxg3+ 38. Kf2 Rg5 39. Qb7+ Ke6 40. Qxa6 (40. Kxf3 $142 Re5 41. Qc8+ Ke7 42. Kf4) 40... Re5 41. Qc8+ (41. Qc6 $142 f5 42. exf5+ Kxf5 43. Qxd6) 41... Ke7 42. Kxf3 Rg5 43. Qc7+ Ke6 44. Qd8 d5 45. Qb6+ Ke7 46. Qc7+ (46. Qxb5 $2 {perishes.} dxe4+ 47. Kf4 Rxb5 $19) (46. Qc5+ $142 Kd8 47. Qf8+ Kc7 48. Qxf7+ Kb8 49. exd5 Rg1 50. Qf8+ (50. Qxf6 $2 {is the wrong capture.} Rf1+ 51. Ke4 Rxf6 $19) 50... Kb7 51. Qe7+ (51. Qxf6 Rf1+ 52. Kg4 Rxf6 53. Kg5 Rf2 54. d6 Kc6 55. d7 Kxd7 56. Kg4 Kd6 57. Kg3 Rf6 58. Kg4 Ke5 59. Kg3 Ke4 60. Kg4 Rg6+ 61. Kh5 Kf5 62. Kh4 Kf4 63. Kh3 Rg8 64. Kh2 Kf3 65. a4 Rh8+ 66. Kg1 bxa4 67. b5 a3 68. b6 a2 69. Kf1 a1=Q#) 51... Kb8 52. Qd6+ (52. Qxf6 Rf1+ 53. Ke4 Rxf6 $19) 52... Kc8 53. Qc5+ (53. Qxf6 Rf1+ 54. Ke4 Rxf6 55. Ke5 Ra6 56. Kd4 Kd7 57. Kc5 Rxa3 58. Kxb5 Rc3 59. Ka4 Kd6 60. b5 Kxd5 61. Kb4 Rc1 62. b6 Kc6 63. b7 Kxb7 64. Kb3 Kb6 65. Ka2 Kb5 66. Kb2 Rc4 67. Kb3 Rc6 68. Ka2 Ka4 69. Kb2 Kb4 70. Ka1 Rc2 71. Kb1 Kb3 72. Ka1 Rc1#) 53... Kd7 54. Qxg1) 46... Ke6 47. Qc6+ Ke5 48. Qxd5# {[%emt 0:00:06] Weighted Error Value: White=0.14 (very precise) /Black=0.41} 1-0

[Event "US Masters 2022"]
[Site "Charlotte"]
[Date "2022.11.24"]
[Round "1.18"]
[White "Kanli, Alperen"]
[Black "Macieja, Bartlomiej"]
[Result "0-1"]
[ECO "A40"]
[WhiteElo "2171"]
[BlackElo "2514"]
[Annotator "TA"]
[PlyCount "84"]
[EventDate "2022.11.23"]
[EventType "swiss"]
[EventCountry "USA"]
[SourceTitle "playchess.com"]
[Source "ChessBase"]
[SourceQuality "1"]
[TimeControl "5400+30"]

1. d4 g6 2. c4 Bg7 3. Nc3 c5 4. d5 Bxc3+ 5. bxc3 f5 6. e4 fxe4 7. f3 e5 {[%emt 0:00:07] A40: Unusual replies to 1 d4.} 8. Nh3 (8. fxe4 $6 Qh4+ 9. Kd2 (9. g3 Qxe4+ 10. Qe2 Qxe2+ 11. Bxe2 d6 $15) 9... Qxe4 $11) 8... d6 {[%emt 0:02:56] [#]} 9. Ng5 $146 (9. fxe4 Bxh3 10. gxh3 Qh4+ 11. Kd2 Nf6 $17) ({Predecessor:} 9. Nf2 Nf6 10. fxe4 Qe7 11. Be2 h6 12. O-O Nbd7 13. Rb1 Qg7 14. Be3 O-O 15. Qc1 {½-½ (32) Demakov,V (2436)-Szymanski,R (2442) ICCF email 2014}) 9... Nf6 {[%emt 0:35:44] White is slightly better.} 10. fxe4 (10. Nxe4 Nxe4 11. fxe4 Qh4+ 12. Kd2 Qxe4 $17) 10... O-O 11. Be2 h6 12. Nf3 Kg7 (12... Nxe4 13. Bxh6 Rxf3 14. Bxf3 Qh4+ 15. g3 Qxh6 16. Bxe4 $16) 13. Qd2 Ng8 14. h3 Nd7 15. g4 Qa5 (15... Rf7 $11) 16. Qd3 (16. O-O {with more complications.} Nb6 17. Qe3 Bd7 18. Bd2) 16... Nb6 17. Bd2 Bd7 18. O-O Rf7 (18... Nc8 $1 $14) 19. Rf2 $2 (19. g5 $1 $18 {[%cal Of3e5] Strongly threatening Nxe5!} h5 20. Nd4 $1 Rxf1+ 21. Rxf1) 19... Raf8 20. Kg2 (20. Rh2 {feels stronger.}) 20... g5 $11 (20... h5 $2 21. gxh5 gxh5 22. Kh2 $18) 21. h4 gxh4 (21... Bxg4 $5 22. hxg5 h5 $11) 22. Kh2 Ne7 (22... Bxg4 23. Rg2 h5 24. Ng5 $18 (24. Nxh4 Nf6 $16)) 23. Rg2 (23. g5 $11 h5 24. g6 Nxg6 25. Rg2) 23... Ng6 $1 $15 24. Kh3 $2 {[%emt 0:01:17] [#]} (24. Ng1 $15) 24... Nxc4 $1 $19 25. Qxc4 {[%emt 0:00:35] [#]} Rxf3+ (25... Bb5 $1 $19 26. Qxb5 Qxb5 27. Bxb5 Rxf3+ 28. Kh2 h3) 26. Bxf3 $17 Rxf3+ 27. Kh2 {[%emt 0:00:17] Hoping for Qe2.} Bb5 {[%emt 0:01:36] Black is more active.} 28. Qb3 Bf1 $2 {[%emt 0:00:35][%mdl 8192] Against g5. Really sharp!} (28... Ba6 $17 {and life is bright.} 29. c4 Rxb3 30. Bxa5 Re3) 29. Qxb7+ $18 (29. Rxf1 Rxf1 30. Qxb7+ Rf7 31. Bxh6+ Kg8 32. Qb8+ Kh7 $11) 29... Rf7 {[%emt 0:00:01] [#]} 30. Bxh6+ $1 Kxh6 31. Qxf7 Bxg2 32. g5+ (32. Kxg2 $142 {[%cal Og4g5] aiming for g5+!} Qd8 33. Rg1 (33. Qxa7 h3+ 34. Kh2 Qf6 $11)) 32... Kxg5 (32... Kh5 33. Kxg2 (33. Rg1 h3 $11) 33... Qxc3 34. Qh7+ (34. Rg1 Qg3+ 35. Kf1 Qf4+ 36. Qxf4 exf4 $17) 34... Kg4 35. Rg1 Qg3+ 36. Kh1 Kxg5 37. Rxg3+ $18) 33. Kxg2 $2 ({Only move:} 33. Qf5+ $18 Kh6 34. Kxg2 Nf4+ 35. Kf2 Qxc3 36. Qf8+ Kh7 37. Qe7+ Kh6 38. Qxh4+ Nh5 39. Rf1 (39. Rh1 Qd2+ 40. Kg1 Qd1+ 41. Kh2 Qe2+ 42. Kg1 Qd1+ 43. Kh2 Qe2+ 44. Kg1 Qd1+ $11)) 33... Qxc3 $4 {[%emt 0:00:00][%mdl 12288] Endgame KQR-KQN} (33... Nf4+ $11 34. Kh1 Kg4 35. Qg7+ (35. Rg1+ $2 Kf3 $19) 35... Kf3 36. Rf1+ Kxe4 37. Qh7+ Kxd5 38. Qf7+ Kc6 39. Qe8+ Kd5 40. Qf7+ Kc6 41. Qe8+ Kd5 42. Qf7+) 34. Rg1 {[%emt 0:00:02] White wants to mate with Kf2+.} Kh6 {[%emt 0:00:10] [#]} 35. Kh2 $2 (35. Qf5 $1 $18 {Kh2 would kill now.} Nf4+ 36. Kh2 Qh3+ 37. Qxh3 Nxh3 38. Kxh3 Kh5 39. Rg7 a5 40. Rd7) 35... Qc2+ $11 36. Rg2 Qxe4 37. Qe6 Kh5 {[%emt 0:01:59][%cal Oe4g2] ( -> ...Qxg2+!)} 38. Qg8 Kh6 {[%emt 0:01:03] Inhibits Qh7+.} 39. Qe6 c4 40. Rg4 Qc2+ 41. Kh1 Kh5 {[%emt 0:00:32] And now ...Nf4 would win.} 42. Rg2 $2 {[%emt 0:00:14][%mdl 8192] [#]} (42. Rg1 $11) 42... Qxg2+ $3 {[%emt 0:00:20][%mdl 512] What a fight!   Weighted Error Value: White=0.59/Black=0.31} 0-1

[Event "US Masters 2022"]
[Site "Charlotte"]
[Date "2022.11.24"]
[Round "1.19"]
[White "Druska, Juraj"]
[Black "Matta, Nicholas"]
[Result "1-0"]
[ECO "C47"]
[WhiteElo "2511"]
[BlackElo "2167"]
[Annotator "TA"]
[PlyCount "89"]
[EventDate "2022.11.23"]
[EventType "swiss"]
[EventCountry "USA"]
[SourceTitle "playchess.com"]
[Source "ChessBase"]
[SourceQuality "1"]
[TimeControl "5400+30"]

1. e4 e5 2. Nf3 Nf6 3. Nc3 Nc6 4. d4 exd4 5. Nxd4 Bb4 6. Nxc6 bxc6 7. Bd3 d5 8. exd5 cxd5 9. O-O O-O 10. Bg5 c6 11. Qf3 Be7 12. h3 h6 13. Bf4 {[%emt 0:00:06] C47: Scotch Four Knights and Four Knights with 4 g3.} Bd6 14. Rad1 {[%emt 0:00:28] Recently 14.b3 got a lot of attention.} Rb8 15. b3 {[%emt 0:01:27] The position is equal.} Rb4 16. Bxd6 Qxd6 17. Rfe1 {[%emt 0:08:57] [#]} Bd7 $146 ({Predecessor:} 17... Rf4 18. Qe2 Rh4 19. Qe5 Qb4 20. Na4 Rh5 21. Qe7 Qh4 22. Re5 Bxh3 23. gxh3 Qxh3 24. Rxh5 Qg4+ {0-1 (23) Anton Guijarro,D (2688)-Tang,A (2538) chess24.com INT 2020}) 18. Qe3 c5 {[%emt 0:14:27] [#]} 19. Bc4 $1 Bc6 {[%emt 0:13:50] [#]} (19... Re8 20. Qd2 $16) 20. Nxd5 $1 Bxd5 21. c3 Rb6 {[%emt 0:09:01] [#]} 22. Bxd5 Nxd5 23. Qf3 Qf6 {[%emt 0:01:24] ...Qxf3 is the strong threat.} 24. Rxd5 Qxf3 25. gxf3 $16 {[%emt 0:00:02][%mdl 4096] Endgame KRR-KRR} c4 {[%emt 0:01:23] [#]} 26. b4 {[%emt 0:04:15] White is more active.} Ra6 27. Re2 Ra3 28. Rc2 Rc8 29. f4 Rc6 30. Rd4 g6 31. Kg2 Kg7 32. Kf3 a5 (32... f5 $16 {might work better.}) 33. b5 $18 Rc5 34. b6 Rb5 35. Rd6 (35. Rxc4 $6 Rxb6 36. Kg2 Rd6 $11) 35... Kf8 $2 (35... a4 36. Rc6 Rab3) 36. Ke4 Ke7 37. Rc6 a4 38. Kd4 (38. Rxc4 Rxb6 39. f5 gxf5+ 40. Kxf5 Rb5+ 41. Kf4 Rh5 $16) 38... Rab3 39. axb3 cxb3 40. Re2+ Kd7 41. Rc7+ Kd8 42. Ra7 (42. Ree7 $142 Rxb6 43. Rxf7 Rd6+ 44. Ke5 Ra6 45. Rfd7+ Ke8 46. Rh7 Kd8 47. Rcg7 Ra5+ 48. Kd4 Rd5+ 49. Kxd5 h5 50. Rh8#) 42... b2 {[%emt 0:00:49] [#] White is clearly winning.} 43. Rxb2 $3 Rxb2 44. Kc5 (44. Rxa4 Rxb6 45. f5 Ke7 $16) 44... Rb3 45. c4 {[%emt 0:00:11] Weighted Error Value: White=0.05 (flawless) /Black=0.83} (45. Rxf7 Rxc3+ 46. Kb5 (46. Kd6 Kc8 $14) 46... Rb3+ 47. Kc6 (47. Kxa4 Rxb6 48. Rh7 Rb2 $11) 47... Rc3+ 48. Kb7 (48. Kd6 Kc8 $14) 48... a3 49. Rf8+ Kd7 $18) 1-0

[Event "US Masters 2022"]
[Site "Charlotte"]
[Date "2022.11.24"]
[Round "1.20"]
[White "Canty, James"]
[Black "Ghaemmaghami, Ehsan"]
[Result "1-0"]
[ECO "B81"]
[WhiteElo "2158"]
[BlackElo "2511"]
[Annotator "TA"]
[PlyCount "43"]
[EventDate "2022.11.23"]
[EventType "swiss"]
[EventCountry "USA"]
[SourceTitle "playchess.com"]
[Source "ChessBase"]
[SourceQuality "1"]
[TimeControl "5400+30"]

1. e4 c5 2. Nf3 e6 3. d4 cxd4 4. Nxd4 Nf6 5. Nc3 d6 6. g4 h6 7. h4 Nc6 8. Nxc6 {[%emt 0:02:41] B81: Sicilian Scheveningen: Keres Attack.} bxc6 9. Qf3 Rb8 {[%emt 0:10:07] [#]} 10. b3 $146 {[%emt 0:08:52] White has an edge.} ({Predecessor:} 10. g5 hxg5 11. hxg5 Rxh1 12. Qxh1 Nd7 13. Bc4 Rb4 14. Bb3 Nc5 15. Be3 Qa5 16. O-O-O {1-0 (37) Beaudry,L-Voloaca,M (2071) Montreal 2001}) 10... d5 11. exd5 exd5 {[%emt 0:06:19] And now ...Bb4 would win.} 12. g5 ({Of course not} 12. Bf4 Qe7+ 13. Be2 Bxg4 $17) (12. Bh3 $5) 12... Ng4 13. Bf4 (13. Bh3 $5 h5 14. Bf4 $11) 13... Bd6 {[%emt 0:00:18] Hoping for ...Qe7+.} 14. O-O-O O-O 15. Qg3 $1 Bxf4+ 16. Qxf4 Qb6 {[%emt 0:00:07] [#]} (16... Be6 $14) 17. gxh6 {[%emt 0:02:40] White is more active.} (17. Rd4 $1 $16) 17... Qxf2 {[%emt 0:03:32][%mdl 8192] Loses the game.} ({Black should try} 17... Qb4 $1 $14 18. Qxb4 Rxb4) 18. h7+ $18 {[%emt 0:01:58] White is clearly winning.} ({Stronger than} 18. Qxb8 Bf5 $17) 18... Kh8 19. Qxb8 {[%emt 0:01:26] aiming for Qd6.} Ne3 {[%emt 0:10:04][%csl Ge3][%cal Rf2c2] [#]} 20. Bd3 {[%emt 0:00:56][%cal Ob8d6] Black must now prevent Qd6!} Nxd1 21. Rxd1 ({But not} 21. Nxd1 Qc5 22. Qf4 Qe7 $18) 21... Qc5 22. Ne2 {[%emt 0:03:46] Weighted Error Value: White=0.22 (precise) /Black=0.69} 1-0

[Event "US Masters 2022"]
[Site "Charlotte"]
[Date "2022.11.24"]
[Round "1.21"]
[White "Escobar Forero, Alder"]
[Black "Wan, Joseph"]
[Result "1-0"]
[ECO "C19"]
[WhiteElo "2510"]
[BlackElo "2153"]
[Annotator "TA"]
[PlyCount "159"]
[EventDate "2022.11.23"]
[EventType "swiss"]
[EventCountry "USA"]
[SourceTitle "playchess.com"]
[Source "ChessBase"]
[SourceQuality "1"]
[TimeControl "5400+30"]

1. e4 e6 2. d4 d5 3. Nc3 Bb4 4. e5 c5 5. a3 Bxc3+ 6. bxc3 Ne7 7. a4 Qa5 8. Bd2 Nbc6 9. Nf3 Bd7 10. Bb5 a6 11. Bd3 {[%emt 0:02:33] C19: French: 3 Nc3 Bb4: Main line: 7 Nf3 and 7 a4.} c4 12. Be2 O-O-O 13. O-O {[%emt 0:00:57] White has an edge.} f6 {[%emt 0:03:54] [#]} 14. Qc1 $146 ({Predecessor:} 14. exf6 gxf6 15. Qb1 Rhg8 16. Qb2 Kb8 17. Rfb1 Bc8 18. Bf4+ Ka7 19. Nd2 Ng6 20. Bg3 {1-0 (35) Mkrtchian,L (2388)-Volovich,V (2177) Chess.com INT 2020}) 14... Ng6 15. Qa3 Qc7 16. Rfb1 Rhf8 17. Be3 Nb8 18. Nd2 Bc6 19. f4 (19. Bh5 $16) 19... Qe7 20. Bg4 {[%emt 0:23:27] aiming for Qxe7.} (20. Qxe7 {simplifies} Nxe7 21. Nf3 Nf5 22. Bc1) 20... f5 21. Be2 (21. Bh5 $5 ) 21... Qxa3 22. Rxa3 a5 23. Ra2 Kc7 24. Nf3 {[%emt 0:00:18] Hoping for Ng5.} h6 {[%emt 0:00:02] Prevents Ng5.} 25. Bc1 (25. Rab2 {looks sharper.} Nd7 26. Kf2 Rg8 27. Bd2) 25... Rg8 26. g3 Ne7 27. Kf2 Nd7 28. h3 Nb6 29. Rba1 $1 (29. Ba3 Nec8 $15) 29... Ra8 30. Ne1 g6 31. Nf3 Nec8 32. g4 Ne7 33. Ba3 (33. g5 $5 ) 33... Nec8 34. Bc5 (34. Bb2 $11) 34... Ra6 (34... Nd7 $6 35. Ba3 $11) (34... Nxa4 $17 35. Rxa4 Bxa4 36. Rxa4 fxg4 37. hxg4 b6) 35. Ke3 (35. g5 $11) 35... Ra8 (35... Nxa4 $1 $17 36. Rxa4 Bxa4 37. Rxa4 fxg4 38. hxg4 b6 39. Bd6+ Nxd6 40. exd6+ Kxd6) 36. Nh4 (36. Kf2 $11) 36... Ra6 (36... Nd7 $6 37. Nf3 $11) 37. Nf3 Ra8 (37... Nxa4 $1 $17 38. Rxa4 Bxa4 39. Rxa4 fxg4 40. hxg4 b6 41. Bd6+ Nxd6 42. exd6+ Kxd6) 38. Nh2 (38. Kf2 $11 {remains equal.}) 38... Ra6 (38... Nxa4 $1 $17 39. Kd2 (39. Rxa4 Bxa4 40. Rxa4 b6 $17) 39... Nxc5 40. dxc5 a4) 39. h4 (39. Nf3 $11) 39... Ra8 (39... Nd7 40. Ba3 $11) 40. h5 ({Better is} 40. g5 $15) 40... gxh5 (40... Nxa4 $1 $17 41. Rxa4 Bxa4 42. Rxa4 b6) 41. gxf5 $11 exf5 (41... Rg2 $2 42. fxe6 $1 Rxh2 43. f5 Nxa4 44. Rxa4 $18) 42. Bxh5 Rg2 (42... Nxa4 $1 $11 43. Rxa4 Bxa4 44. Rxa4 b6) 43. Nf3 ({White should try} 43. Nf1 $1 $16) 43... Nd7 (43... Nxa4 $1 $14 44. Rxa4 Bxa4 45. Rxa4 Rxc2) 44. Rg1 {[%emt 0:00:52] The board is on fire.} Rxg1 45. Nxg1 Nxc5 46. dxc5 Ne7 47. Nf3 (47. Ne2 $16) 47... Rg8 48. Kf2 (48. Ra1 {with more complications.} Rg2 49. Nd4 Rh2 50. Bf3) 48... Kd7 (48... Ng6 $11 {keeps the balance.} 49. Ke3 Ne7) 49. Nd4 $16 Rg7 (49... Kc7 $16 50. Ra1 Kd8) 50. Rb2 {[%emt 0:00:24] Nxc6 is the strong threat.} Kc8 51. Ra2 Kd7 $1 52. Ra1 Kc8 53. Ne6 (53. Nxc6 $1 $18 bxc6 54. Rh1) 53... Rg8 {[%emt 0:00:06] [#]} 54. Nd4 (54. Bf7 $1 $16 Rh8 55. Bh5) 54... Rg7 $18 55. Bf3 Rg8 56. Rb1 Kc7 57. Rh1 Rg6 (57... Rh8 $16) 58. Bh5 Rg8 59. Bf7 $36 {[%emt 0:00:30][%csl LRg8,LRh6][%mdl 2048] White is on the roll.} Rh8 60. Be6 {[%emt 0:00:13] White has more active pieces.} Bxa4 (60... h5 $16 {is a better defense.}) 61. Ra1 ({And not} 61. Nxf5 Nxf5 62. Bxf5 Rf8 $17) 61... Bd7 62. Bxd7 ({Don't take} 62. Rxa5 $6 Nc6 63. Bxd7 Nxa5 64. Bxf5 Ra8 $16) 62... Kxd7 63. Rxa5 {[%emt 0:00:00][%mdl 4096] Endgame KRN-KRN} h5 64. c6+ (64. Rb5 $18 {and White stays clearly on top.} Kc8 65. Rb6) 64... Nxc6 $2 {[%emt 0:00:39] Loses the game.} (64... Kc7 $16 {was worth a try.}) 65. Rxd5+ Kc7 66. Nxf5 Rf8 67. e6 Rf6 68. Rd7+ Kb6 {[%emt 0:00:41] [#]} 69. e7 (69. Rd6 $142 $1) 69... Re6 $2 (69... Nxe7 70. Nxe7 Rxf4+ 71. Ke3 Rf8) 70. Rd6 Rxd6 71. e8=Q (71. e8=B $2 {loses.} Rd2+ 72. Ke1 Rxc2 $19) 71... Rd2+ 72. Kg3 {[%emt 0:00:43] Threatening mate with Qe3+.} Rxc2 73. Qe3+ Kc7 74. Nd4 {[%emt 0:00:11] White mates.} h4+ 75. Kxh4 Nxd4 76. Qxd4 b5 77. Qc5+ Kd8 78. Qf8+ Kc7 79. Qg7+ Kb8 80. Qg8+ {[%emt 0:00:07] Weighted Error Value: White=0.37/Black=0.31} 1-0

[Event "US Masters 2022"]
[Site "Charlotte"]
[Date "2022.11.24"]
[Round "1.22"]
[White "Puckett, Matthew"]
[Black "Balakrishnan, Praveen"]
[Result "0-1"]
[ECO "E06"]
[WhiteElo "2151"]
[BlackElo "2510"]
[Annotator "TA"]
[PlyCount "98"]
[EventDate "2022.11.23"]
[EventType "swiss"]
[EventCountry "USA"]
[SourceTitle "playchess.com"]
[Source "ChessBase"]
[SourceQuality "1"]
[TimeControl "5400+30"]

1. d4 Nf6 2. c4 e6 3. g3 d5 4. Nf3 Bb4+ 5. Bd2 Be7 6. Bg2 c6 7. Qc2 O-O 8. O-O b6 9. Bf4 Ba6 {[%emt 0:00:11] E06: Closed Catalan: Early deviations.} 10. cxd5 cxd5 11. Rc1 Nbd7 {[%emt 0:00:38] The position is equal.} (11... Nh5 {keeps more tension.} 12. Be3 Nd7 13. Ne5 Rc8) 12. Nc3 Nh5 13. Bd2 (13. Qa4 $5 Bc8 14. Qc6 $14) 13... Nhf6 14. Bf4 Nh5 15. Bd2 Rc8 16. Qa4 Nb8 {[%emt 0:01:42] [#]} 17. b4 $146 (17. e3 {is interesting.} Qd6 18. e4 dxe4 19. Nxe4 Qd7 20. Qxd7 Nxd7 21. Ne5) ({Predecessor:} 17. Ne5 Nf6 18. Nb5 Rxc1+ 19. Rxc1 Qe8 20. Nc6 Nxc6 21. Qxa6 Nb8 22. Qa4 a6 23. Nc3 b5 24. Qc2 Qd7 25. Nb1 Ne8 26. Bf4 Bd6 27. Be3 Be7 28. Bf4 Bd6 29. Be3 Be7 30. Bf4 {½-½ (28) Bogner,S (2549)-Jaracz,P (2543) Germany 2010}) 17... Bc4 18. b5 (18. Ne5 {seems wilder.} a6 19. b5 axb5 20. Nxb5 Bxe2 21. Na7) 18... a6 19. bxa6 (19. Ne5 {looks sharper.} axb5 20. Nxb5 Bxe2 21. Na7) 19... Bxa6 20. Rab1 Rc4 21. Qb3 Rb4 22. Qc2 {[%emt 0:00:53][%cal Oc3d5] Nxd5! is the strong threat.} Nf6 23. e3 Rxb1 24. Rxb1 Nbd7 25. Nb5 Qa8 26. Bf1 {[%emt 0:00:34] aiming for Nc7.} Rc8 27. Qb3 Bb7 28. a4 Ne4 29. Bb4 Bxb4 30. Qxb4 Bc6 31. Rc1 (31. Ra1 $14) 31... Bxb5 $11 32. Rxc8+ Qxc8 33. axb5 Qc2 34. Qe1 Ndf6 {[%emt 0:02:40] Strongly threatening ...Ng4.} 35. Ne5 {[%emt 0:03:32] Against Ng4} g6 36. f3 Nd2 37. Qf2 (37. Be2 $1 $11) 37... Qc1 $36 {[%emt 0:00:47][%mdl 2048] Black has strong initiative.} 38. Nd3 Qd1 {[%emt 0:00:41] Black has more active pieces.} 39. Ne5 Qc1 (39... Nc4 $142 40. Qe2 Qxe2 41. Bxe2 Nxe3) 40. Nd3 Qc3 41. Ne5 Ne8 42. Be2 (42. Kg2 $17 {keeps fighting.}) 42... Nd6 $1 $19 43. Kg2 {[%emt 0:00:14] [#]} Nf5 $1 44. Bd3 {[%emt 0:00:27] [#]} Nc4 $1 45. Nxc4 (45. Bxf5 {was the only chance.} Nxe3+ 46. Kh3 exf5 47. Qa2) 45... Qxd3 46. Ne5 Nxe3+ (46... Qxe3 $2 {is the wrong capture.} 47. Qxe3 Nxe3+ 48. Kg1 $19) 47. Kh3 Qxd4 (47... Qxb5 $2 48. Qxe3 Qb1 49. Qf4 Qf5+ 50. Qxf5 gxf5 51. Kg2 $18) 48. Ng4 Nf5 49. Nh6+ Kf8 {[%emt 0:00:06] Weighted Error Value: White=0.24 (precise) /Black=0.08 (flawless)} (49... Nxh6 $2 50. Qxd4 Nf5 51. Qxb6 $18) 0-1

[Event "US Masters 2022"]
[Site "Charlotte"]
[Date "2022.11.24"]
[Round "1.23"]
[White "Brodsky, David"]
[Black "Sriniaiyer, Sudarshan"]
[Result "1-0"]
[ECO "B32"]
[WhiteElo "2509"]
[BlackElo "2150"]
[Annotator "TA"]
[PlyCount "91"]
[EventDate "2022.11.23"]
[EventType "swiss"]
[EventCountry "USA"]
[SourceTitle "playchess.com"]
[Source "ChessBase"]
[SourceQuality "1"]
[TimeControl "5400+30"]

1. e4 {[%emt 0:00:01] Postny,E} c5 2. Nf3 Nc6 3. d4 cxd4 4. Nxd4 e5 5. Nb5 d6 6. c4 g6 {[%emt 0:00:19] 6...Be6 is the modern continuation. B32: Sicilian: Löwenthal and Kalashnikov Variations.} 7. N1c3 {[%emt 0:01:49] [#] Nd5 is the strong threat.} a6 8. Na3 Bg7 {[%emt 0:03:09] White is slightly better.} 9. Be3 Be6 10. Nc2 Nf6 11. Be2 {[%emt 0:02:39] Prevents Ng4.} O-O 12. O-O Rc8 13. Rc1 {[%emt 0:07:21] [#]} Na5 $146 ({Black should try} 13... Ne7 $11) ({Predecessor:} 13... Ne7 14. Na3 Nc6 15. Re1 Nd4 16. f3 Qb6 17. Rb1 Nxe2+ 18. Rxe2 Qb4 19. Rd2 Rfd8 {1-0 (43) Ivanchuk,V (2715)-Jobava,B (2727) Wijk aan Zee 2015 CBM 165 [Postny,E]}) 14. b3 $14 b5 15. Nd5 ({White should play} 15. Nb4 $16) 15... Bxd5 $11 (15... bxc4 $2 16. Bb6 Nxd5 17. Bxd8 $18) 16. exd5 bxc4 17. b4 $1 Nb7 18. Na3 {[%emt 0:03:13][%mdl 1024] White has compensation.} a5 $1 19. b5 c3 20. Nc4 {[%emt 0:01:33] [#]} (20. b6 {keeps more tension.} Nc5 21. Nc4 Nfe4 22. f3) 20... Ne4 (20... Ng4 $1 $11) 21. f3 $14 {[%emt 0:13:42][%mdl 64] Deflection} Nec5 22. Rxc3 f5 23. Rc1 e4 24. f4 {[%emt 0:02:45] White now steadily converts the win.} Re8 25. Qd2 a4 26. g4 {[%emt 0:03:59][%cal Bg2g4,Bg4f5][%mdl 32] White is more active.} Nd3 27. Bxd3 exd3 28. gxf5 Qe7 (28... Qh4 $16) 29. Qxd3 $18 Rxc4 $2 (29... gxf5 {was called for.} 30. Bb6 Qe4 31. Qxe4 Rxe4) 30. Rxc4 Qxe3+ 31. Qxe3 Rxe3 32. Rxa4 gxf5 33. b6 Re4 $2 (33... Bc3 34. Ra8+ (34. Ra7 Re7 $18) 34... Kf7) 34. Rxe4 fxe4 35. Rc1 Bd4+ 36. Kf1 Bc5 37. a4 Kf7 38. Rb1 Kf6 39. a5 Nxa5 40. b7 Nxb7 41. Rxb7 {[%emt 0:00:01] KR-KB} Kf5 42. Rf7+ Kg4 43. Kg2 h6 44. h3+ {[%emt 0:00:08] White mates.} Kh5 45. Rf6 e3 46. Kf3 {[%emt 0:00:06] Weighted Error Value: White=0.11 (very precise) /Black=0.53} 1-0